3AA
MYRTLE BEACH MERMEN @ SAN BERNARDINO GRASSHOPPERS
08/16/2027
 
TOP OF THE 1ST
Myrtle Beach Mermen batting - Pitching for San Bernardino Grasshoppers : RHP Delmar Llerena
Pitching: RHP Delmar Llerena
Batting: RHB Sergio Pérez 0-0: Ball
1-0: Called Strike
1-1: Foul Ball, location: 2F
1-2: Ball
2-2: Foul Ball, location: 2F
2-2: Foul Ball, location: 2F
2-2: Strikes out swinging
Batting: RHB Maikel Cobblepot 0-0: Swinging Strike
0-1: Ball
1-1: Foul Ball, location: 2F
1-2: Foul Ball, location: 2F
1-2: Strikes out looking
Batting: LHB Juan Villanueva 0-0: Ball
1-0: Ball
2-0: Ball
3-0: Called Strike
3-1: Fly out, F9 (Flyball, 9D)
Top of the 1st over - 0 run(s), 0 hit(s), 0 error(s), 0 left on base; Myrtle Beach 0 - San Bernardino 0
BOTTOM OF THE 1ST
San Bernardino Grasshoppers batting - Pitching for Myrtle Beach Mermen : RHP Chris Hayes
Pitching: RHP Chris Hayes
Batting: RHB Jorge Estrada 0-0: Called Strike
0-1: Ground out 5-3 (Groundball, 5)
Now at 3B: Javier Robles
Batting: RHB Martín Placido 0-0: Ball
1-0: Ball
2-0: Ball
3-0: Base on Balls
Batting: SHB Mario Domondón 0-0: Foul Ball, location: 2F
0-1: Called Strike
0-2: Foul Ball, location: 2F
0-2: Ball
1-2: Ball
2-2: Ball
3-2: Strikes out swinging
Batting: RHB Edgardo Bello 0-0: Ball
1-0: Foul Ball, location: 2F
1-1: Ball
2-1: Foul Ball, location: 2F
2-2: Ball
3-2: Base on Balls
Martín Placido to second
Batting: RHB José Urruticodez 0-0: Ball
1-0: Foul Ball, location: 2F
1-1: Ball
2-1: Foul Ball, location: 2F
2-2: SINGLE (Groundball, 6D)
Martín Placido to third
Edgardo Bello to second
Runner from 3rd tries for Home, SAFE, no throw
Batting: LHB Michael Nelson 0-0: Ball
1-0: Foul Ball, location: 2F
1-1: Ball
2-1: Swinging Strike
2-2: Ball
3-2: Foul Ball, location: 2F
3-2: Strikes out swinging
Bottom of the 1st over - 1 run(s), 1 hit(s), 0 error(s), 2 left on base; Myrtle Beach 0 - San Bernardino 1
TOP OF THE 2ND
Myrtle Beach Mermen batting - Pitching for San Bernardino Grasshoppers : RHP Delmar Llerena
Batting: LHB Alexis Raimbault 0-0: Ball
1-0: Fly out, F4 (Popup, 4)
Batting: LHB Philip Strickland 0-0: Ball
1-0: Called Strike
1-1: Ball
2-1: Called Strike
2-2: Ball
3-2: Strikes out swinging
Batting: RHB Javier Robles 0-0: SINGLE (Groundball, 34D)
Batting: RHB Sal Haynes 0-0: Called Strike
0-1: Foul Ball, location: 2F
0-2: Ball
1-2: Ball
2-2: Strikes out swinging
Top of the 2nd over - 0 run(s), 1 hit(s), 0 error(s), 1 left on base; Myrtle Beach 0 - San Bernardino 1
BOTTOM OF THE 2ND
San Bernardino Grasshoppers batting - Pitching for Myrtle Beach Mermen : RHP Chris Hayes
Batting: RHB Manuel García 0-0: Swinging Strike
0-1: Ground out 4-3 (Groundball, 4)
Batting: SHB Noel King 0-0: Ball
1-0: TRIPLE (Flyball, 8LXD)
Batting: RHB Francisco Rodríguez 0-0: Called Strike
0-1: 2-RUN HOME RUN (Flyball, 7LD), Distance : 362 ft
Batting: RHB Jorge Estrada 0-0: Ball
1-0: Called Strike
1-1: Ball
2-1: Foul Ball, location: 2F
2-2: Ball
3-2: Strikes out looking
Batting: RHB Martín Placido 0-0: Called Strike
0-1: Ball
1-1: Ground out 6-3 (Groundball, 6)
Bottom of the 2nd over - 2 run(s), 2 hit(s), 0 error(s), 0 left on base; Myrtle Beach 0 - San Bernardino 3
TOP OF THE 3RD
Myrtle Beach Mermen batting - Pitching for San Bernardino Grasshoppers : RHP Delmar Llerena
Batting: RHB Jimmy Dawson 0-0: Ball
1-0: Bunted foul
1-1: Foul Ball, location: 2F
1-2: Strikes out looking
Batting: SHB David Vázquez 0-0: Swinging Strike
0-1: Foul Ball, location: 2F
0-2: Ground out U3 (Groundball, 3)
Batting: RHB Sergio Pérez 0-0: Ground out 6-3 (Groundball, 6)
Top of the 3rd over - 0 run(s), 0 hit(s), 0 error(s), 0 left on base; Myrtle Beach 0 - San Bernardino 3
BOTTOM OF THE 3RD
San Bernardino Grasshoppers batting - Pitching for Myrtle Beach Mermen : RHP Chris Hayes
Batting: SHB Mario Domondón 0-0: Ball
1-0: Called Strike
1-1: Ball
2-1: Called Strike
2-2: Strikes out swinging
Batting: RHB Edgardo Bello 0-0: Ball
1-0: Ball
2-0: Ball
3-0: Called Strike
3-1: Base on Balls
Batting: RHB José Urruticodez 0-0: Ball
1-0: Fly out, F7 (Flyball, 78M)
Batting: LHB Michael Nelson 0-0: Foul Ball, location: 2F
0-1: Ball
1-1: Swinging Strike
1-2: Fly out, F8 (Flyball, 8LS)
Bottom of the 3rd over - 0 run(s), 0 hit(s), 0 error(s), 1 left on base; Myrtle Beach 0 - San Bernardino 3
TOP OF THE 4TH
Myrtle Beach Mermen batting - Pitching for San Bernardino Grasshoppers : RHP Delmar Llerena
Batting: RHB Maikel Cobblepot 0-0: Ball
1-0: Ball
2-0: Ball
3-0: Called Strike
3-1: Foul Ball, location: 2F
3-2: Base on Balls
Batting: LHB Juan Villanueva 0-0: Ball
1-0: DOUBLE (Groundball, 5L)
Maikel Cobblepot to third
Runner from 3rd tries for Home, SAFE, no throw
Batting: LHB Alexis Raimbault 0-0: Called Strike
0-1: Foul Ball, location: 2F
0-2: Ground out 6-3 (Groundball, 6)
Juan Villanueva to third
Batting: LHB Philip Strickland 0-0: Called Strike
0-1: Foul Ball, location: 2F
0-2: Strikes out looking
Batting: RHB Javier Robles 0-0: Ball
1-0: Called Strike
1-1: Foul Ball, location: 2F
1-2: Foul Ball, location: 2F
1-2: SINGLE (Groundball, 6D)
Juan Villanueva scores
Batting: RHB Sal Haynes 0-0: Swinging Strike
0-1: Reached on error, E9 (Flyball, 89M)
Javier Robles to third
Batting: RHB Jimmy Dawson 0-0: Ball
1-0: Swinging Strike
1-1: Ball
2-1: Ground out 6-3 (Groundball, 56)
Top of the 4th over - 2 run(s), 2 hit(s), 1 error(s), 2 left on base; Myrtle Beach 2 - San Bernardino 3
BOTTOM OF THE 4TH
San Bernardino Grasshoppers batting - Pitching for Myrtle Beach Mermen : RHP Chris Hayes
Batting: RHB Manuel García 0-0: Called Strike
0-1: Ball
1-1: Swinging Strike
1-2: Ball
2-2: Strikes out swinging
Batting: SHB Noel King 0-0: Ball
1-0: Called Strike
1-1: SINGLE (Line Drive, 8RS)
Batting: RHB Francisco Rodríguez 0-0: Called Strike
0-1: Ball
1-1: Ball
2-1: Foul Ball, location: 2F
2-2: SINGLE (Groundball, 34D)
Noel King to second
Runner from 2nd tries for 3rd, SAFE, no throw
Batting: RHB Jorge Estrada 0-0: Swinging Strike
0-1: Ball
1-1: Called Strike
1-2: DOUBLE (Flyball, 78M)
Noel King scores
Francisco Rodríguez to third
Batting: RHB Martín Placido 0-0: SINGLE (Line Drive, 3)
Francisco Rodríguez scores
Jorge Estrada to third
Runner from 3rd tries for Home, SAFE, no throw
Batting: SHB Mario Domondón 0-0: Ball
1-0: Ball
2-0: Swinging Strike
2-1: Grounds into double play, 4-6-3 (Groundball, 4M)
Bottom of the 4th over - 3 run(s), 4 hit(s), 0 error(s), 0 left on base; Myrtle Beach 2 - San Bernardino 6
TOP OF THE 5TH
Myrtle Beach Mermen batting - Pitching for San Bernardino Grasshoppers : RHP Delmar Llerena
Batting: SHB David Vázquez 0-0: Called Strike
0-1: Foul Ball, location: 2F
0-2: Fly out, F5 (Popup, 56)
Batting: RHB Sergio Pérez 0-0: Foul Ball, location: 2F
0-1: Ball
1-1: Ball
2-1: SINGLE (Flyball, 7S)
Batting: RHB Maikel Cobblepot 0-0: Called Strike
0-1: Fly out, F6 (Line Drive, 56)
Batting: LHB Juan Villanueva 0-0: Ball
1-0: Foul Ball, location: 2F
1-1: Fly out, F8 (Flyball, 8RS)
Top of the 5th over - 0 run(s), 1 hit(s), 0 error(s), 1 left on base; Myrtle Beach 2 - San Bernardino 6
BOTTOM OF THE 5TH
San Bernardino Grasshoppers batting - Pitching for Myrtle Beach Mermen : RHP Chris Hayes
Batting: RHB Edgardo Bello 0-0: Ball
1-0: Foul Ball, location: 2F
1-1: Ball
2-1: Ball
3-1: Foul Ball, location: 2F
3-2: Foul Ball, location: 2F
3-2: Fly out, F7 (Line Drive, 7LM)
Batting: RHB José Urruticodez 0-0: Ball
1-0: Called Strike
1-1: Ball
2-1: Foul Ball, location: 2F
2-2: Ball
3-2: SINGLE (Line Drive, 8LS)
Batting: LHB Michael Nelson 0-0: Called Strike
0-1: Fly out, F7 (Line Drive, 7S)
Batting: RHB Manuel García 0-0: Ball
Throwing error on steal attempt, E2
José Urruticodez to third
1-0: Reached on error, E6 (Groundball, 6)
José Urruticodez scores
Pitching: LHP Héctor Ocampo
Batting: SHB Noel King 0-0: Ball
1-0: Ball
2-0: Called Strike
2-1: Ball
3-1: Foul Ball, location: 2F
3-2: Strikes out swinging
Bottom of the 5th over - 1 run(s), 1 hit(s), 2 error(s), 1 left on base; Myrtle Beach 2 - San Bernardino 7
TOP OF THE 6TH
Myrtle Beach Mermen batting - Pitching for San Bernardino Grasshoppers : RHP Delmar Llerena
Batting: LHB Alexis Raimbault 0-0: Ball
1-0: Foul Ball, location: 2F
1-1: Swinging Strike
1-2: Fly out, F4 (Popup, 4MD)
Batting: LHB Philip Strickland 0-0: Swinging Strike
0-1: Fly out, F6 (Line Drive, 6)
Batting: RHB Javier Robles 0-0: Swinging Strike
0-1: Swinging Strike
0-2: Ball
1-2: Strikes out swinging
Top of the 6th over - 0 run(s), 0 hit(s), 0 error(s), 0 left on base; Myrtle Beach 2 - San Bernardino 7
BOTTOM OF THE 6TH
San Bernardino Grasshoppers batting - Pitching for Myrtle Beach Mermen : LHP Héctor Ocampo
Batting: RHB Francisco Rodríguez 0-0: Reached on error, E1 (Groundball, 15S)
Batting: RHB Jorge Estrada 0-0: Ball
Francisco Rodríguez steals 2nd base
1-0: Ball
2-0: Called Strike
2-1: Ball
3-1: Foul Ball, location: 2F
3-2: Base on Balls
Batting: RHB Martín Placido 0-0: Sac Bunt - play at first, batter OUT! 1-3
Francisco Rodríguez to third
Jorge Estrada to second
Batting: SHB Mario Domondón 0-0: Ball
1-0: Fly out, F8 (Flyball, 8LM)
Runner from 3rd tags up, SCORES, no throw
Batting: RHB Edgardo Bello 0-0: Called Strike
Jorge Estrada is caught stealing 3rd base
Bottom of the 6th over - 1 run(s), 0 hit(s), 1 error(s), 0 left on base; Myrtle Beach 2 - San Bernardino 8
TOP OF THE 7TH
Myrtle Beach Mermen batting - Pitching for San Bernardino Grasshoppers : RHP Delmar Llerena
Batting: RHB Sal Haynes 0-0: Ball
1-0: Fly out, F9 (Flyball, 9S)
Batting: RHB Jimmy Dawson 0-0: Ball
1-0: Called Strike
1-1: Foul Ball, location: 2F
1-2: Ball
2-2: SINGLE (Groundball, 56S) (infield hit)
Batting: SHB David Vázquez 0-0: Ball
1-0: Fly out, F8 (Flyball, 8LM)
Batting: RHB Sergio Pérez 0-0: Ball
1-0: Foul Ball, location: 2F
1-1: Ball
2-1: Fly out, F9 (Flyball, 9S)
Top of the 7th over - 0 run(s), 1 hit(s), 0 error(s), 1 left on base; Myrtle Beach 2 - San Bernardino 8
BOTTOM OF THE 7TH
San Bernardino Grasshoppers batting - Pitching for Myrtle Beach Mermen : LHP Héctor Ocampo
Batting: RHB Edgardo Bello 0-0: Called Strike
0-1: Fly out, F9 (Flyball, 89M)
Batting: RHB José Urruticodez 0-0: Ball
1-0: Ball
2-0: Ball
3-0: Base on Balls
Batting: LHB Michael Nelson 0-0: Called Strike
0-1: Foul Ball, location: 2F
0-2: Ball
1-2: Ball
2-2: Ball
3-2: Strikes out swinging
José Urruticodez steals 2nd base
Batter strikes out.
Batting: RHB Manuel García 0-0: Swinging Strike
0-1: Ground out 5-3 (Groundball, 56S)
Bottom of the 7th over - 0 run(s), 0 hit(s), 0 error(s), 1 left on base; Myrtle Beach 2 - San Bernardino 8
TOP OF THE 8TH
Myrtle Beach Mermen batting - Pitching for San Bernardino Grasshoppers : RHP Delmar Llerena
Batting: RHB Maikel Cobblepot 0-0: Called Strike
0-1: Ball
1-1: Ball
2-1: Foul Ball, location: 2F
2-2: Strikes out swinging
Batting: LHB Juan Villanueva 0-0: Ball
1-0: Swinging Strike
1-1: Ground out 6-3 (Groundball, 6S)
Batting: LHB Alexis Raimbault 0-0: Ground out 4-3 (Groundball, 4)
Top of the 8th over - 0 run(s), 0 hit(s), 0 error(s), 0 left on base; Myrtle Beach 2 - San Bernardino 8
BOTTOM OF THE 8TH
San Bernardino Grasshoppers batting - Pitching for Myrtle Beach Mermen : LHP Héctor Ocampo
Batting: SHB Noel King 0-0: Ball
1-0: Called Strike
1-1: Foul Ball, location: 2F
1-2: Foul Ball, location: 2F
1-2: Ball
2-2: Ball
3-2: Foul Ball, location: 2F
3-2: Fly out, F8 (Line Drive, 8RD)
Batting: RHB Francisco Rodríguez 0-0: Foul Ball, location: 2F
0-1: Called Strike
0-2: Ball
1-2: Ball
2-2: Foul Ball, location: 2F
2-2: Foul Ball, location: 2F
2-2: Strikes out swinging
Batting: RHB Jorge Estrada 0-0: Called Strike
0-1: Fly out, F7 (Flyball, 7)
Bottom of the 8th over - 0 run(s), 0 hit(s), 0 error(s), 0 left on base; Myrtle Beach 2 - San Bernardino 8
TOP OF THE 9TH
Myrtle Beach Mermen batting - Pitching for San Bernardino Grasshoppers : RHP Delmar Llerena
Batting: LHB Philip Strickland 0-0: Ball
1-0: Ball
2-0: Fly out, F8 (Flyball, 8LM)
Batting: RHB Javier Robles 0-0: Ball
1-0: Called Strike
1-1: Foul Ball, location: 2F
1-2: Ground out 5-3 (Groundball, 56)
Batting: RHB Sal Haynes 0-0: Foul Ball, location: 2F
0-1: Swinging Strike
0-2: Ball
1-2: Strikes out looking
Top of the 9th over - 0 run(s), 0 hit(s), 0 error(s), 0 left on base; Myrtle Beach 2 - San Bernardino 8
Saturday, May 26th, 2018 - OOTP Baseball 17.12 Build 75